 Dungeon Crawl Stone Soup version 0.29-a0-320-g9f8742066b (webtiles) character file.

Game seed: 6718553041220762175

2123 Bnni the Martial Artist (level 9, -2/64 HPs)
             Began as an Octopode Fighter on Apr 3, 2022.
             Was an Initiate of Gozag.
             Slain by an unseen horror (9 damage)
             ... on level 6 of the Dungeon.
             The game lasted 00:12:21 (7455 turns).

Bnni the Martial Artist (Octopode Fighter)          Turns: 7455, Time: 00:12:22

Health: -2/64      AC:  1    Str: 18    XL:     9   Next: 29%
Magic:  9/9        EV: 14    Int: 11    God:    Gozag
Gold:   817        SH:  6    Dex: 15    Spells: 8/8 levels left

rFire   . . .      SeeInvis .   v - +4 hand axe of Somewhere Else {venom, Str+3}
rCold   + . .      Faith    .   a - +1 buckler
rNeg    . . .      Spirit   .   (helmet restricted)
rPois   .          Reflect  .   k - amulet of magic regeneration
rElec   .          Harm     .   p - ring of protection from cold
rCorr   .          Rampage  .   t - ring of willpower
Will    +....                   (no ring)
Stlth   ++........              (no ring)
HPRegen 0.20/turn               (no ring)
MPRegen 0.51/turn               (no ring)
                                (no ring)
                                (no ring)

@: gold aura
A: almost no armour, amphibious, 8 rings, camouflage 1, gelatinous body 1,
(nimble swimmer 1), tentacles
a: Renounce Religion, Potion Petition, Call Merchant, Bribe Branch


You were on level 6 of the Dungeon.
You worshipped Gozag.
Gozag was pleased with you.
You visited 2 branches of the dungeon, and saw 8 of its levels.

You collected 878 gold pieces.
You paid 61 gold pieces to Gozag.

Inventory:

Hand Weapons
 c - a +1 trident of flaming
 i - the +10 dagger of Judgement {pain, rF+ Stlth+}
   (You found it on level 7 of the Dungeon)

   In the hands of one skilled in necromantic magic, it inflicts extra damage on
   living creatures.
   rF:        It protects you from fire.
   Stlth:     It makes you more stealthy.
 v - the +4 hand axe of Somewhere Else (weapon) {venom, Str+3}
   (You found it on level 3 of the Dungeon)

   It poisons the flesh of those it strikes.
   Str:       It affects your strength (+3).
Missiles
 x - 2 throwing nets
 y - 11 poisoned darts (quivered)
Armour
 a - a +1 buckler (worn)
Jewellery
 k - an amulet of magic regeneration (around mantle)
 p - a ring of protection from cold (left tentacle)
 t - a ring of willpower (right tentacle)
Wands
 r - a wand of iceblast (5)
 u - a wand of acid (10)
 w - a wand of flame (36)
Scrolls
 f - 5 scrolls of teleportation
 h - 2 scrolls of fog
 m - 2 scrolls of immolation
 A - 2 scrolls of blinking
Potions
 b - 3 potions of might
 d - 2 potions of attraction
 e - 2 potions of flight
 g - 5 potions of curing
 j - 2 potions of magic
 l - a potion of haste
 n - 3 potions of berserk rage
 s - 2 potions of brilliance
 z - a potion of lignification {unknown}


   Skills:
 + Level 7.2 Fighting
 + Level 4.8 Dodging
 - Level 3.0 Shields
 * Level 9.6 Unarmed Combat


You had 8 spell levels left.
You didn't know any spells.
Your spell library contained the following spells:

 Spells                   Type           Power      Damage    Failure   Level
 Shock                    Conj/Air       0%         1d3       43%         1
 Call Canine Familiar     Summ           0%         N/A       80%         3
 Portal Projectile        Hex/Tloc       0%         N/A       80%         3
 Swiftness                Air            0%         N/A       80%         3
 Airstrike                Air            0%         N/A       99%         4
 Leda's Liquefaction      Hex/Erth       0%         N/A       99%         4


Dungeon Overview and Level Annotations

Branches:
Dungeon (7/15)             Temple (1/1) D:4

Altars:
Cheibriados
Dithmenos
Elyvilon
Fedhas
Gozag
Hepliaklqana
Nemelex Xobeh
Qazlal
Ru
Sif Muna
Trog
Uskayaw
Vehumet
Wu Jian
Yredelemnul
Zin

Shops:
D:5 [   D:6 (


Innate Abilities, Weirdness & Mutations

You cannot wear most types of armour.
You are amphibious.
You can wear up to eight rings at the same time.
Your skin changes colour to match your surroundings (Stealth+).
Your rubbery body absorbs attacks. (AC +1, EV +1)
((You are camouflaged when in or above water. (Stealth+)))
You have tentacles for arms and can constrict up to eight enemies at once.


Message History

There is a stone staircase leading down here.
You open the door.
There is an open door here.
There is a fountain of clear blue water here.
You open the door.
An adder comes into view.
There is an open door here.
Something hits you!
Deactivating autopickup; reactivate with Ctrl-A.
The adder hisses angrily.
Something hits you. The adder bites you but does no damage.
The adder closely misses you.
You barely miss the adder. Your grab misses the adder. Something hits you.
The adder bites you. You block the adder's attack.
You closely miss the adder. Your grab misses the adder.
Your squeeze misses the adder. Something hits you!
The adder closely misses you.
You hit the adder.
The adder is poisoned.
You grab the adder.
The adder is lightly wounded.
You constrict the adder. Something hits you. The adder bites you.
The adder closely misses you.
You hit the adder. You squeeze the adder.
The adder is severely wounded.
You constrict the adder.
You kill the adder!
You block something's attack. Something hits you! Something hits you.
You miss something. Your squeeze misses something. Something hits you!
* * * LOW HITPOINT WARNING * * *
There is an open door here.
Something hits you.
* * * LOW HITPOINT WARNING * * *
As you close the door, it creaks loudly!
Something hits you!
* * * LOW HITPOINT WARNING * * *
You start resting.
Something hits you.
* * * LOW HITPOINT WARNING * * *
Something hits you!
You die...
Your body crumbles into a pile of gold.

#.#........# #.........#
#.......##.# #.........#
#.##....##.################****
#.#........#.........+,,,,,,,,,
#.#...#.#..#.$.......#,,,,,,,,,
#..........#.........#,,,,,,,,,
###.#...#..#.........#,,,,,,,,,
#.#.#########+######********+
#.#.#>...#..@.#$$$$*,,,,,,,,,
#...#....#.⌠..#$$$$*,,,,,,,,,
#####....#..⌠.#$$$$*,,,,,,,,,
#....'....#$$$$*,,,,,,,,,
###########$$$$+,,,,,,,,,
*,,,,+,,,,*$$$$*,,,,,,,,,
*,,,$*,,,,*$$$$*,,,,,,,,$
*,,,,*,,,,*$$$$*,,,,,,,,,
*>,,,*,,,,*$$$$*,,,,,,,,,


There were no monsters in sight!

Vanquished Creatures
  Prince Ribbit (D:5)
  A water moccasin (D:5)
  2 ice beasts
  A black bear (D:6)
  A centaur (D:7)
  2 phantoms
  A necrophage (D:4)
  2 scorpions
  5 killer bees (D:7)
  A vampire bat (D:3)
  3 howler monkeys
  A hound (D:5)
  A jelly (D:6)
  Ijyb (D:3)
  Crazy Yiuf (D:5)
  Natasha (thrice) (D:4)
  2 gnoll shamans
  2 iguanas (D:4)
  2 orc wizards (D:7)
  17 gnolls
  8 adders
  A shadow imp (D:6)
  A worm (D:2)
  2 dart slugs (D:1)
  3 fire bats (D:3)
  25 orcs
  2 spectral bats (D:3)
  3 bat skeletons (D:3)
  A bat zombie (D:3)
  3 endoplasms
  6 giant cockroaches
  7 goblins
  5 hobgoblins
  5 kobolds
  A quokka (D:2)
  10 ball pythons
  15 bats
  A bat simulacrum (D:3)
  A frilled lizard (D:1)
  3 rats
153 creatures vanquished.

Notes
Turn   | Place    | Note
-------+----------+-------------------------------------------
     0 | D:1      | Bnni the Octopode Fighter began the quest for the Orb.
     0 | D:1      | Reached XP level 1. HP: 16/16 MP: 1/1
   224 | D:1      | Reached XP level 2. HP: 21/21 MP: 2/2
   870 | D:2      | Reached skill level 3 in Unarmed Combat
   870 | D:2      | Reached XP level 3. HP: 26/26 MP: 3/3
  1565 | D:3      | Reached XP level 4. HP: 23/32 MP: 4/4
  1738 | D:3      | Noticed an ice beast
  1750 | D:3      | Killed an ice beast
  1751 | D:3      | Reached skill level 4 in Unarmed Combat
  1751 | D:3      | Reached XP level 5. HP: 23/37 MP: 5/5
  1891 | D:3      | Noticed Ijyb
  1905 | D:3      | Killed Ijyb
  1992 | D:3      | Identified the +4 hand axe of Somewhere Else {venom, Str+3}
  2512 | D:3      | Reached skill level 5 in Unarmed Combat
  2513 | D:3      | Reached XP level 6. HP: 43/44 MP: 6/6
  2894 | D:4      | Found a staircase to the Ecumenical Temple.
  2908 | Temple   | Entered the Ecumenical Temple
  2995 | Temple   | Became a worshipper of Gozag Ym Sagoz the Greedy
  3128 | D:4      | Reached skill level 6 in Unarmed Combat
  3136 | D:4      | Reached skill level 5 in Fighting
  3136 | D:4      | Reached XP level 7. HP: 32/50 MP: 7/7
  3174 | D:4      | Noticed Natasha
  3181 | D:4      | Killed Natasha
  3641 | D:4      | Noticed Natasha
  3645 | D:4      | Killed Natasha
  3959 | D:4      | Reached skill level 7 in Unarmed Combat
  4310 | D:4      | Noticed Natasha
  4323 | D:4      | Killed Natasha
  4679 | D:5      | Entered Level 5 of the Dungeon
  4692 | D:5      | Reached XP level 8. HP: 52/57 MP: 8/8
  4944 | D:5      | Reached skill level 8 in Unarmed Combat
  5165 | D:5      | Found Siudghoeb's Armour Shoppe.
  5289 | D:5      | Noticed Prince Ribbit
  5301 | D:5      | Killed Prince Ribbit
  5572 | D:5      | Found a runed translucent door.
  5573 | D:5      | Noticed Crazy Yiuf
  5581 | D:5      | Killed Crazy Yiuf
  5983 | D:6      | Found a radiant altar of Vehumet.
  6213 | D:6      | Reached skill level 9 in Unarmed Combat
  6428 | D:6      | Found Suezxug's Antique Weapon Shop.
  6445 | D:6      | Reached XP level 9. HP: 46/63 MP: 9/9
  6733 | D:7      | HP: 3/64 [killer bee (8)]
  7165 | D:7      | Identified the +10 dagger of Judgement {pain, rF+ Stlth+}
  7455 | D:6      | Slain by an unseen horror

Illustrated notes

Levels and vault maps discovered:
D:1:      ncdulo_smallfort, layout_loops_ring, grunt_decor_fettered,
          serial_bayou_pond_b, columned_hall_lemuel
D:2:      layout_basic
D:3:      layout_rooms, amethyst_killhole, goddamned_bats, uniq_ijyb
D:4:      minmay_razor_zed, layout_basic, minmay_temple_entry_statues_fountains,
          minmay_misc_feat_alley, chequers_serial_rivers_micro_e,
          minmay_misc_feat_more_columns, hangedman_decor_opposing,
          chequers_hall_statues_corner_a, minmay_misc_feat_tiny,
          dk_noncrumbling_4, minmay_misc_feat_enclosed, uniq_natasha
D:5:      layout_rooms, serial_shops, nicolae_shop_hallway_plus,
          roderic_serpentine_path, uniq_crazy_yiuf_cottage, uniq_prince_ribbit1
D:6:      minmay_klotski, layout_loops_cross, vehumet_altar_wand_db,
          serial_shops, shop_statue
D:7:      layout_loops_cross
Temple:   mainiacjoe_temple_circle_huts

Skill      XL: |  1  2  3  4  5  6  7  8  9 |
---------------+----------------------------+-----
Unarmed Combat | 3 4 5 6 7 9 |  9.6
Fighting       | 4 5 6 7 |  7.2
Dodging        | 4 |  4.8
Shields        | |  3.0

Action                   |  1- 3 |  4- 6 |  7- 9 || total
-------------------------+-------+-------+-------++-------
Melee: Unarmed           |    22 |       |       ||    22
       Constrict         |    18 |    16 |    45 ||    79
       Tentacles         |    14 |    17 |    39 ||    70
       Whip              |    38 |    17 |       ||    55
       Hand axe          |       |    56 |   161 ||   217
       Punch             |       |     4 |    10 ||    14
  Use: Scroll            |     5 |     2 |    13 ||    20
       Potion            |       |       |     6 ||     6
 Stab: Sleeping          |     3 |     4 |     4 ||    11
       Distracted        |       |       |     2 ||     2
Armor: Skin              |     6 |    10 |     8 ||    24
Dodge: Dodged            |    30 |    80 |   123 ||   233
Block: Buckler           |    15 |    19 |    43 ||    77

Table legend: (Time is in decaauts)
 A = Elapsed time spent in this place.
 B = Non-inter-level travel time spent in this place.
 C = Inter-level travel time spent in this place.
 D = Time resting spent in this place.
 E = Time spent auto-exploring this place.
 F = Levels seen in this place.
 G = Mean time per level.
                   A        B        C        D        E       F      G
               +--------+--------+--------+--------+--------+-----+--------+
         Total |   7546 |   7292 |    254 |   1301 |   4913 |   8 |  943.2 |
       Dungeon |   7439 |   7203 |    236 |   1301 |   4843 |   7 | 1062.7 |
        Temple |    106 |     88 |     18 |      0 |     70 |   1 |  106.0 |
               +--------+--------+--------+--------+--------+-----+--------+

Top non-repeatable levels by time:
     D:4: 1788 daAuts
     D:3: 1426 daAuts
     D:6: 1037 daAuts
     D:5: 981 daAuts
     D:1: 778 daAuts
     D:7: 719 daAuts
     D:2: 707 daAuts
  Temple: 106 daAuts
